 Dungeon Crawl Stone Soup version 0.25-b1-38-g32f9adbbe0 (webtiles) character file.

Game seed: 7877226866307214842

43 Masnef the Chiller (level 3, -2/24 HPs)
             Began as a Barachi Ice Elementalist on June 7, 2020.
             Slain by a centaur skeleton (5 damage)
             ... on level 2 of the Dungeon.
             The game lasted 00:02:48 (1651 turns).

Masnef the Chiller (Barachi Ice Elementalist)       Turns: 1651, Time: 00:02:48

Health: -2/24      AC:  3    Str:  9    XL:     3   Next: 58%
Magic:  0/6        EV: 12    Int: 16    God:
Gold:   80         SH:  0    Dex: 12    Spells: 2/6 levels left

rFire    + . .     SeeInvis .   e - +2 dagger (venom)
rCold    x . .     Gourm    .   (no shield)
rNeg     . . .     Faith    .   a - +0 robe
rPois    .         Spirit   +   l - +0 helmet
rElec    .         Reflect  .   (no cloak)
rCorr    .         Harm     .   (no gloves)
MR       .....                  (no boots)
Stlth    ++........             h - amulet of guardian spirit
HPRegen  0.08/turn              j - ring of fire
MPRegen  0.10/turn              (no ring)

@: can't hop, slow
A: +LOS, swims, slowness 1, strong legs 1
a: Hop


You were on level 2 of the Dungeon.
You were not hungry.

You visited 1 branch of the dungeon, and saw 2 of its levels.

You collected 80 gold pieces.

Inventory:

Hand Weapons
 e - a +2 dagger of venom (weapon)
Missiles
 f - 41 poisoned darts (quivered)
 g - 8 javelins
Armour
 a - a +0 robe (worn)
 l - a +0 helmet (worn)
Jewellery
 h - an amulet of guardian spirit (around neck)
 j - a ring of fire (left hand)
Scrolls
 b - 3 scrolls of identify {unknown}
 d - a scroll of blinking {unknown}
 n - a scroll of magic mapping {unknown}
 o - a scroll of amnesia {unknown}
Potions
 i - a potion of heal wounds {unknown}
 k - a potion of curing {unknown}
Comestibles
 c - 4 rations
 m - 2 chunks of flesh


   Skills:
 + Level 0.7 Short Blades
 - Level 2.1 Dodging
 - Level 1.7 Stealth
 + Level 2.2 Spellcasting
 + Level 6.1 Ice Magic


You had 2 spell levels left.
You knew the following spells:

 Your Spells              Type           Power        Failure   Level  Hunger
a - Freeze                Ice            ###.         1%          1    #......
b - Frozen Ramparts       Ice            ###...       4%          3    ###....

Your spell library contained the following spells:

 Spells                   Type           Power        Failure   Level  Hunger
 Ozocubu's Armour         Chrm/Ice       ##......     17%         3    ###....
 Hailstorm                Conj/Ice       ##......     50%         4    #####..
 Summon Ice Beast         Ice/Summ       ##......     50%         4    #####..


Dungeon Overview and Level Annotations

Branches:
Dungeon (2/15)

Altars:

Annotations:
D:2 1 runed translucent door, Crazy Yiuf


Innate Abilities, Weirdness & Mutations

You can be seen from farther away. (+LOS)
You can swim through water.
You cover ground slowly.
You can hop short distances.


Message History

The centaur skeleton hits you.
* * * LOW HITPOINT WARNING * * *
The centaur skeleton completely resists.
The wall freezes the centaur skeleton but do no damage.
The centaur skeleton hits you but does no damage.
The centaur skeleton completely resists.
The wall freezes the centaur skeleton but do no damage.
The frozen ramparts melt away.
The centaur skeleton hits you.
* * * LOW HITPOINT WARNING * * *
You see here a bubbling sapphire potion.
The centaur skeleton closely misses you.
Hop to where?
Press: ? - help, Dir - move target cursor, p - centaur skeleton Boing!
The centaur skeleton hits you.
* * * LOW HITPOINT WARNING * * *
There is a stone staircase leading down here.
The centaur skeleton hits you but does no damage.
The centaur skeleton hits you.
You die...

###.. #.. #... #(#.
#.## ############
#.#
#..........####...##
#.#######.!........
#.@...#...#)######.
##.Z........# #.
#..>..†=....# #
#...........#
#...........#
##..........#
##...#...#.##
#########..### .
##...###.


You could see a centaur skeleton.

Vanquished Creatures
  2 adders
  A dart slug (D:2)
  A leopard gecko (D:1)
  2 hobgoblins
  4 jackals (D:1)
  4 bats
  A frilled lizard (D:2)
  3 goblins
  3 kobolds
  4 rats
25 creatures vanquished.

Notes
Turn   | Place    | Note
-------+----------+-------------------------------------------
     0 | D:1      | Masnef the Barachi Ice Elementalist began the quest for the
                  | Orb.
     0 | D:1      | Reached XP level 1. HP: 13/13 MP: 3/3
   157 | D:1      | Reached skill level 5 in Ice Magic
   249 | D:1      | Reached XP level 2. HP: 16/19 MP: 5/5
   788 | D:1      | Reached XP level 3. HP: 12/24 MP: 4/6
   796 | D:1      | Learned a level 3 spell: Frozen Ramparts
  1277 | D:2      | Reached skill level 6 in Ice Magic
  1566 | D:2      | Found a runed translucent door.
  1567 | D:2      | Noticed Crazy Yiuf
  1651 | D:2      | Slain by a centaur skeleton

Illustrated notes

Levels and vault maps discovered:
D:1:      minmay_arrival_loop, layout_basic
D:2:      layout_rooms, uniq_crazy_yiuf_cottage

Skill      XL: |  1  2  3 |
---------------+----------+-----
Ice Magic      | 5 6 |  6.1
Short Blades   | |  0.7
Dodging        | |  2.1
Stealth        | |  1.7
Spellcasting   | |  2.2

Action                   || total
-------------------------++-------
Melee: Dagger            ||    62
       Unarmed           ||     3
 Cast: Freeze            ||    11
       Frozen Ramparts   ||     2
 Abil: Hop               ||     3
 Stab: Sleeping          ||     1
  Eat: Ration            ||     1
Armor: Robe              ||    14
Dodge: Dodged            ||    62
